 Dungeon Crawl Stone Soup version 0.20.0-15-g7f486f2 (webtiles) character file.

7819 skittles the Arsonist (level 11, -1/74 HPs)
             Began as a Pale Draconian Fire Elementalist on June 17, 2017.
             Was a Priest of Vehumet.
             Slain by a yak (12 damage)
             ... on level 10 of the Dungeon.
             The game lasted 00:37:33 (12190 turns).

skittles the Arsonist (DrFE)                       Turns: 12190, Time: 00:37:34

Health: -1/74      AC:  9    Str: 10    XL:     11   Next: 1%
Magic:  9/24       EV: 12    Int: 20    God:    Vehumet [***...]
Gold:   344        SH:  0    Dex: 11    Spells: 7/28 levels left

rFire    . . .     SeeInvis .   a - +5 whip (elec)
rCold    + . .     Gourm    .   (no shield)
rNeg     + . .     Faith    .   (armour unavailable)
rPois    .         Spirit   .   (helmet restricted)
rElec    .         Reflect  .   j - +0 cloak
rCorr    .         Harm     .   m - +0 pair of gloves
MR       .....                  (no boots)
Stlth    ++........             (no amulet)
Regen    0.3/turn               e - ring of positive energy
MPRegen  0.2/turn               v - ring of protection from cold

@: no status effects
A: breathe steam, unfitting armour, sense surroundings 1, cold-blooded,
MP-powered wands, AC +7
a: Breathe Steam, Renounce Religion


You were on level 10 of the Dungeon.
You worshipped Vehumet.
Vehumet was most pleased with you.
You were hungry.

You visited 2 branches of the dungeon, and saw 11 of its levels.
You also visited: Bailey.

You collected 344 gold pieces.

Inventory:

Hand Weapons
 a - a +5 whip of electrocution (weapon)
 b - a +1 trident of holy wrath
Armour
 j - a +0 cloak (worn)
 m - a +0 pair of gloves (worn)
Jewellery
 e - a ring of positive energy (left hand)
 v - a ring of protection from cold (right hand)
Wands
 p - a wand of enslavement (16/24)
 u - a wand of iceblast (9/15)
 y - a wand of flame (6/48)
 A - a wand of paralysis (19/24)
 E - a wand of flame (20/48)
 H - a wand of random effects (14/48)
 K - a wand of lightning (6/15)
 L - a wand of acid (9/15)
Scrolls
 i - a scroll of immolation {unknown}
 k - 4 scrolls of teleportation
 r - 4 scrolls of recharging {unknown}
 x - 2 scrolls of blinking {unknown}
 z - 2 scrolls of remove curse
 B - a scroll of fog {unknown}
 G - a scroll of vulnerability {unknown}
 I - a scroll of enchant armour {unknown}
Potions
 c - a potion of cancellation
 d - 2 potions of curing
 f - a potion of flight
 g - 4 potions of haste
 h - 2 potions of agility
 q - 3 potions of brilliance
 s - 3 potions of might
 t - 2 potions of lignification
 J - a potion of heal wounds
Books
 C - a book of Flames

   Spells                             Type                      Level
   a - Flame Tongue                   Conjuration/Fire             1
   b - Throw Flame                    Conjuration/Fire             2
   c - Conjure Flame                  Conjuration/Fire             3
   d - Inner Flame                    Hexes/Fire                   3
   e - Sticky Flame                   Conjuration/Fire             4
   f - Fireball                       Conjuration/Fire             5
 F - a book of Minor Magic

   Spells                             Type                      Level
   a - Magic Dart                     Conjuration                  1
   b - Blink                          Translocation                2
   c - Call Imp                       Summoning                    2
   d - Slow                           Hexes                        2
   e - Conjure Flame                  Conjuration/Fire             3
   f - Mephitic Cloud                 Conjuration/Poison/Air       3
Comestibles
 l - 2 royal jellies
 n - a meat ration
 o - 11 fruits
 w - 5 bread rations


   Skills:
 - Level 1.7 Dodging
 - Level 1.7 Stealth
 + Level 9.3 Spellcasting
 + Level 9.9 Conjurations
 + Level 11.1 Fire Magic


You had 7 spell levels left.
You knew the following spells:

 Your Spells              Type           Power        Failure   Level  Hunger
a - Flame Tongue          Conj/Fire      #####        1%          1    None
b - Conjure Flame         Conj/Fire      ######..     1%          3    None
c - Sticky Flame          Conj/Fire      ######..     1%          4    ###....
d - Fireball              Conj/Fire      ######....   1%          5    #####..
e - Dazzling Spray        Conj/Hex       ####..       1%          3    None
g - Mephitic Cloud        Conj/Pois/Air  ###.....     1%          3    None
p - Blink                 Tloc           N/A          11%         2    None


Dungeon Overview and Level Annotations

Branches:
Dungeon (10/15)            Temple (1/1) D:5
   Lair: D:8-11         Orc: D:9-12

Altars:
Ashenzari
Cheibriados
Dithmenos
Elyvilon
Fedhas
Gozag
Hepliaklqana
Kikubaaqudgha
Makhleb
Nemelex Xobeh
Okawaru
Qazlal
Ru
Sif Muna
Trog
Uskayaw
Vehumet
Xom
Yredelemnul
Zin
The Shining One

Shops:
D:9 !


Innate Abilities, Weirdness & Mutations

You can breathe blasts of scalding, opaque steam.
Your pale cyan-grey scales are hard. (AC +7)
You cannot fit into any form of body armour.
You are cold-blooded and may be slowed by cold attacks.
You passively map a small area around you.
You expend magic power (3 MP) to strengthen your wands.


Message History

Casting: Sticky Flame
Confirm with . or Enter, or press ? or * to list all spells.
Aiming: Sticky Flame
Press: ? - help, Shift-Dir - straight line, f/p - yak
Aim: a yak (heavily wounded)
The sticky flame hits the yak.
The yak is heavily wounded.
The yak is covered in liquid flames!
The yak burns!
The yak barely misses you. x2
The crimson imp hits you but does no damage.
Casting: Sticky Flame
Confirm with . or Enter, or press ? or * to list all spells.
Aiming: Sticky Flame
Press: ? - help, Shift-Dir - straight line, f - yak, p - yak
Aim: a yak (heavily wounded)
The sticky flame hits the yak.
The yak is severely wounded.
The yak is covered in liquid flames!
The yak burns! x2; The yak gores you.
* * * LOW HITPOINT WARNING * * *
The yak gores you!
You die...

* , , * * * , , , ,
######## , , #.@Y...#
* *#.Y5...# * *
#......# * ##......# *
* ,.......?..#########
*
*..#.......)..#....###
*, ..
##########......O.. #
####........ *
##........##.


You could see 2 yaks and a crimson imp.

Vanquished Creatures
  Pikel (D:7)
  2 deep elf magi (Bailey)
  Psyche (D:8)
  A troll (D:9)
  3 hippogriffs
  5 yaks
  A steam dragon (D:10)
  A hungry ghost (D:7)
  2 sky beasts
  3 black bears
  An ice beast (D:5)
  An orc warrior (D:6)
  3 slaves (D:7)
  2 phantoms
  4 centaurs
  2 eyes of draining (D:6)
  7 ogres
  A big kobold (D:8)
  4 bullfrogs
  4 scorpions
  3 killer bees (D:7)
  5 wights (D:7)
  4 howler monkeys
  5 crimson imps
  A centaur zombie (D:5)
  8 hounds
  A bullfrog zombie (D:7)
  A centaur skeleton (D:9)
  3 orc priests
  2 bullfrog skeletons (D:7)
  13 orc wizards
  Natasha (thrice) (D:3)
  4 iguanas
  3 worker ants
  A worker ant zombie (D:6)
  4 gnolls (D:9)
  10 adders
  3 shadow imps
  An ooze (D:1)
  An adder skeleton (D:3)
  An adder zombie (D:7)
  3 worms
  5 dart slugs
  3 leopard geckos
  38 orcs
  A ball python (D:4)
  9 giant cockroaches
  14 goblins
  9 hobgoblins
  12 jackals
  7 quokkas
  12 bats
  5 frilled lizards
  A jackal skeleton (D:7)
  10 kobolds
  A leopard gecko skeleton (D:6)
  A quokka skeleton (D:7)
  9 rats
266 creatures vanquished.

Notes
Turn   | Place    | Note
-------+----------+-------------------------------------------
     0 | D:1      | skittles the Draconian Fire Elementalist began the quest for the Orb.
     0 | D:1      | Reached XP level 1. HP: 14/14 MP: 3/3
   346 | D:1      | Reached XP level 2. HP: 19/20 MP: 5/5
  1170 | D:1      | Reached XP level 3. HP: 26/26 MP: 6/6
  1890 | D:2      | Reached XP level 4. HP: 32/33 MP: 1/8
  2105 | D:3      | Noticed Natasha
  2113 | D:3      | Killed Natasha
  2188 | D:3      | Learned a level 3 spell: Conjure Flame
  2256 | D:3      | Noticed Natasha
  2267 | D:3      | Killed Natasha
  2267 | D:3      | Reached skill level 4 in Fire Magic
  2531 | D:3      | Learned a level 4 spell: Sticky Flame
  2552 | D:3      | Reached XP level 5. HP: 7/38 MP: 1/10
  2894 | D:3      | Noticed Natasha
  2986 | D:3      | Killed Natasha
  3819 | D:4      | Reached XP level 6. HP: 40/45 MP: 1/11
  4335 | D:4      | Found a stormy altar of Qazlal.
  4410 | D:4      | Reached skill level 5 in Fire Magic
  4749 | D:4      | Your scales start taking on a pale cyan-grey colour.
  4749 | D:4      | Reached XP level 7. HP: 45/50 MP: 6/13
  4805 | D:4      | Found a hide-covered altar of Uskayaw.
  4820 | D:4      | Found a blossoming altar of Fedhas.
  5086 | D:4      | Reached skill level 6 in Fire Magic
  5106 | D:4      | Learned a level 5 spell: Fireball
  5134 | D:5      | Entered Level 5 of the Dungeon
  5159 | D:5      | Found a shadowy altar of Dithmenos.
  5165 | D:5      | Found a glowing silver altar of Zin.
  5189 | D:5      | Found a staircase to the Ecumenical Temple.
  5220 | Temple   | Entered the Ecumenical Temple
  5249 | Temple   | Became a worshipper of Vehumet
  5379 | D:5      | Reached skill level 5 in Spellcasting
  5553 | D:5      | Reached skill level 5 in Conjurations
  5634 | D:5      | Found an iron altar of Okawaru.
  5637 | D:5      | Found a deep blue altar of Sif Muna.
  5638 | D:5      | Found a white marble altar of Elyvilon.
  5686 | D:5      | Reached XP level 8. HP: 51/57 MP: 11/16
  6409 | D:6      | Reached skill level 7 in Fire Magic
  6729 | D:6      | Found a bloodstained altar of Trog.
  7055 | D:6      | Reached skill level 8 in Fire Magic
  7198 | D:6      | Found a basalt altar of Yredelemnul.
  7224 | D:6      | Reached * piety under Vehumet
  7224 | D:6      | Offered knowledge of Freeze by Vehumet.
  7610 | D:7      | Reached XP level 9. HP: 61/62 MP: 15/18
  8118 | D:7      | Found a sacrificial altar of Ru.
  8484 | D:7      | Reached skill level 9 in Fire Magic
  8722 | D:7      | Offered knowledge of Sting by Vehumet.
  8822 | D:7      | Reached ** piety under Vehumet
  8938 | D:7      | Noticed Pikel
  8960 | D:7      | Killed Pikel
  9415 | D:8      | Noticed Psyche
  9430 | D:8      | Killed Psyche
  9430 | D:8      | Reached XP level 10. HP: 59/69 MP: 13/22
  9659 | D:8      | Found a flagged portal.
  9748 | D:8      | Gained mutation: You expend magic power (3 MP) to strengthen your wands. [potion of mutation]
  9748 | D:8      | Gained mutation: You passively map a small area around you. [potion of mutation]
  9750 | Bailey   | Entered a bailey
  9756 | Bailey   | Noticed a deep elf mage
  9760 | Bailey   | Noticed a deep elf mage
  9760 | Bailey   | Killed a deep elf mage
  9760 | Bailey   | Reached skill level 10 in Fire Magic
  9762 | Bailey   | Noticed a deep elf mage
  9768 | Bailey   | Killed a deep elf mage
 10205 | D:8      | Offered knowledge of Dazzling Spray by Vehumet.
 10214 | D:8      | Learned a level 3 spell: Dazzling Spray
 10563 | D:8      | Learned a level 2 spell: Blink
 10567 | D:8      | Learned a level 3 spell: Mephitic Cloud
 10595 | D:9      | Reached *** piety under Vehumet
 11317 | D:9      | Found Viunlus's Distillery.
 11448 | D:10     | Entered Level 10 of the Dungeon
 11468 | D:10     | Reached skill level 11 in Fire Magic
 11879 | D:10     | Noticed a two-headed ogre
 11894 | D:9      | Offered knowledge of Olgreb's Toxic Radiance by Vehumet.
 11894 | D:9      | Reached XP level 11. HP: 33/74 MP: 13/24
 12190 | D:10     | Slain by a yak

Skill      XL: |  1  2  3  4  5  6  7  8  9 10 |
---------------+-------------------------------+-----
Conjurations   | 2 3 4 5 6 8 9 |  9.9
Spellcasting   | 3 4 5 6 8 9 |  9.3
Fire Magic     | 4 5 6 8 9 11 | 11.1
Dodging        | |  1.7
Stealth        | |  1.7

Action                   |  1- 3 |  4- 6 |  7- 9 | 10-12 || total
-------------------------+-------+-------+-------+-------++-------
Melee: Unarmed           |     8 |       |       |       ||     8
       Hand axe          |    64 |       |       |       ||    64
       Tailslap          |     7 |    13 |    26 |     9 ||    55
       Trident           |    27 |   217 |   258 |       ||   502
       Dire flail        |       |       |    67 |       ||    67
       Whip              |       |       |    22 |   189 ||   211
 Cast: Flame Tongue      |    23 |    34 |    40 |    32 ||   129
       Sticky Flame      |       |    10 |    37 |    25 ||    72
       Conjure Flame     |       |     2 |     5 |     2 ||     9
       Fireball          |       |       |     2 |     3 ||     5
 Abil: Breathe Steam     |       |       |     2 |       ||     2
  Use: Scroll            |     3 |     1 |    11 |     2 ||    17
       Potion            |       |       |       |     1 ||     1
 Stab: Sleeping          |     3 |     5 |     1 |     1 ||    10
       Paralysed         |       |       |     1 |       ||     1
  Eat: Chunk             |     3 |    12 |    21 |    11 ||    47
       Fruit             |       |       |       |     1 ||     1
Armor: Skin              |    41 |    66 |   100 |    69 ||   276
Dodge: Dodged            |    76 |   177 |   245 |   119 ||   617
